 Dungeon Crawl Stone Soup version 0.24-a0-512-g2b48af375b (webtiles) character file.

Game seed: 7725536269693463798

66 Mithandil the Conjurer (level 3, -3/19 HPs)
             Began as a Deep Elf Conjurer on July 20, 2019.
             Slain by a worker ant (7 damage)
             ... on level 2 of the Dungeon.
             The game lasted 00:09:41 (1302 turns).

Mithandil the Conjurer (Deep Elf Conjurer)          Turns: 1302, Time: 00:09:41

Health: -3/19      AC:  2    Str:  6    XL:     3   Next: 96%
Magic:  1/10       EV: 13    Int: 19    God:
Gold:   84         SH:  0    Dex: 15    Spells: 6/9 levels left

rFire    . . .     SeeInvis .   a - +0 dagger
rCold    . . .     Gourm    .   (no shield)
rNeg     . . .     Faith    .   q - +0 robe
rPois    .         Spirit   .   (no helmet)
rElec    .         Reflect  .   (no cloak)
rCorr    .         Harm     .   (no gloves)
MR       .....                  (no boots)
Stlth    ++........             (no amulet)
HPRegen  0.06/turn              (no ring)
MPRegen  0.12/turn              (no ring)

@: no status effects
A: no striking features
a: no special abilities


You were on level 2 of the Dungeon.
You were not hungry.

You visited 1 branch of the dungeon, and saw 3 of its levels.

You collected 84 gold pieces.

Inventory:

Hand Weapons
 a - a +0 dagger (weapon)
Missiles
 e - 10 poisoned darts
 j - 4 boomerangs (quivered)
 p - 16 arrows
Armour
 q - a +0 robe (worn)
Wands
 g - a wand of digging (4)
Scrolls
 f - a scroll of fear {unknown}
 h - 2 scrolls of remove curse {unknown}
 l - 2 scrolls of amnesia {unknown}
 n - a scroll of identify
 o - a scroll of fog {unknown}
Potions
 d - 3 potions of curing
 i - 2 potions of heal wounds {unknown}
 m - a potion of agility {unknown}
Comestibles
 b - 5 chunks of flesh
 c - 6 rations


   Skills:
 + Level 0.3 Short Blades
 * Level 3.3 Dodging
 + Level 3.2 Stealth
 * Level 3.9 Spellcasting
 * Level 4.9 Conjurations


You had 6 spell levels left.
You knew the following spells:

 Your Spells              Type           Power        Failure   Level  Hunger
a - Magic Dart            Conj           ###.         1%          1    None
b - Searing Ray           Conj           ###...       2%          2    ##.....

Your spell library contained the following spells:

 Spells                   Type           Power        Failure   Level  Hunger
 Dazzling Spray           Conj/Hex       ##....       16%         3    ###....
 Iskenderun's Mystic Bla  Conj           ###.....     19%         4    ####...
 Force Lance              Conj/Tloc      ##......     45%         4    ####...
 Fulminant Prism          Conj/Hex       ##........   45%         4    ####...


Dungeon Overview and Level Annotations

Branches:
Dungeon (3/15)

Altars:


Message History

Aiming: Magic Dart (safe; 1% risk of failure)
Press: ? - help, Shift-Dir - straight line, f - worker ant
Aim: a worker ant The magic dart hits the worker ant.
The worker ant is lightly wounded.
The worker ant bites you.
Casting: Magic Dart (safe; 1% risk of failure)
Confirm with . or Enter, or press ? or * to list all spells.
Aiming: Magic Dart (safe; 1% risk of failure)
Press: ? - help, Shift-Dir - straight line, f/p - worker ant
Aim: a worker ant (lightly wounded)
The magic dart hits the worker ant.
The worker ant is moderately wounded.
The worker ant closely misses you. The worker ant closely misses you.
A goblin comes into view. It is wielding a +0 club.
The worker ant bites you!
* * * LOW HITPOINT WARNING * * *
The worker ant bites you!
You die...

#.# #............#
#รท.(........#
#)g........)#
###..........!#
#.............#
#....#..[........##
######............#
#...)a.......#
#####@.#####.#
#...)....#
#.......##
#.......# #.......#
#.......# #########


You could see a worker ant and a goblin (wandering).

Vanquished Creatures
  An adder (D:2)
  A worm (D:2)
  2 dart slugs
  2 leopard geckos (D:1)
  4 giant cockroaches
  4 hobgoblins
  6 kobolds
  3 bats
  A frilled lizard (D:1)
  12 goblins
  10 rats
46 creatures vanquished.

Notes
Turn   | Place    | Note
-------+----------+-------------------------------------------
     0 | D:1      | Mithandil the Deep Elf Conjurer began the quest for the
                  | Orb.
     0 | D:1      | Reached XP level 1. HP: 10/10 MP: 6/6
   254 | D:1      | Reached XP level 2. HP: 15/15 MP: 6/8
   258 | D:1      | Learned a level 2 spell: Searing Ray
   738 | D:1      | Reached XP level 3. HP: 19/19 MP: 8/10
  1302 | D:2      | Slain by a worker ant

Levels and vault maps discovered:
D:1:      dpeg_arrival_solitude, layout_basic, serial_park_tiny_1,
          hangedman_decor_peaks_small
D:2:      layout_rooms, tso_altar, first_ration
D:3:      layout_loops_ring, okawaru_ov_weapons_minmay

Skill      XL: |  1  2  3 |
---------------+----------+-----
Dodging        | 3 |  3.3
Stealth        | 3 |  3.2
Short Blades   | |  0.3
Spellcasting   | |  3.9
Conjurations   | |  4.9

Action                   || total
-------------------------++-------
Melee: Club              ||     6
Throw: Dart              ||     5
 Cast: Magic Dart        ||    80
  Use: Scroll            ||     2
  Eat: Chunk             ||     1
Dodge: Dodged            ||    14

Table legend:
 A = Non-vault XP
 B = Vault XP
 C = Vault XP percentage of total XP
 D = Non-vault monster count
 E = Vault monster count
 F = Vault count percentage of total count
                 A         B        C        D         E       F
            +---------+---------+-------+---------+---------+-------
      Total |      95 |       0 |   0.0 |      46 |       0 |   0.0
            +---------+---------+-------+---------+---------+-------
        D:1 |      49 |       0 |   0.0 |      27 |       0 |   0.0
        D:2 |      46 |       0 |   0.0 |      19 |       0 |   0.0
            +---------+---------+-------+---------+---------+-------
